 Dungeon Crawl Stone Soup version 0.22-a0-307-g2b15929 (webtiles) character file.

1288 Amnesiac the Grappler (level 8, 56/56 HPs)
             Began as a Demonspawn Gladiator on Apr 1, 2018.
             Quit the game on level 5 of the Dungeon.
             The game lasted 00:04:44 (4050 turns).

Amnesiac the Grappler (Demonspawn Gladiator)        Turns: 4050, Time: 00:04:45

Health: 56/56      AC: 12    Str: 21    XL:     8   Next: 30%
Magic:  8/8        EV:  8    Int:  9    God:
Gold:   127        SH:  0    Dex: 15    Spells: 7/7 levels left

rFire    . . .     SeeInvis .     - Unarmed
rCold    . . .     Gourm    .   (no shield)
rNeg     . . .     Faith    .   B - +0 plate armour
rPois    .         Spirit   .   (helmet restricted)
rElec    .         Reflect  .   q - +0 cloak
rCorr    .         Harm     .   (no gloves)
MR       .....                  y - +0 pair of boots (curse)
Stlth    ..........             m - amulet of regeneration
HPRegen  0.58/turn              h - +4 ring of strength
MPRegen  0.11/turn              v - ring of stealth

@: no status effects
A: antennae 1, powered by death 2, rot immunity, sturdy frame 1
a: no special abilities


You were on level 5 of the Dungeon.
You were not hungry.

You visited 1 branch of the dungeon, and saw 5 of its levels.

You collected 127 gold pieces.

Inventory:

Missiles
 c - 3 throwing nets (quivered)
 n - 19 poisoned needles
Armour
 q - a +0 cloak (worn)
 y - a cursed +0 pair of boots (worn)
 B - a +0 plate armour (worn)
Jewellery
 h - a +4 ring of strength (left hand)
 m - an amulet of regeneration (around neck)
 v - a ring of stealth (right hand)
Wands
 s - a wand of iceblast (10)
 w - a wand of flame (24)
Scrolls
 a - 8 scrolls of identify {!r, unknown}
 e - 4 scrolls of remove curse {!r, unknown}
 f - a scroll of teleportation {!r, unknown}
 i - 2 scrolls of magic mapping {!r, unknown}
 j - a scroll of fear {!r, unknown}
 l - a scroll of enchant armour {!r, unknown}
 o - 5 scrolls of blinking {!r, unknown}
 t - a scroll of immolation {!r, unknown}
 z - a scroll of random uselessness {!r, unknown}
Potions
 k - a potion of magic {!q, unknown}
 p - 2 potions of heal wounds {!q, unknown}
 r - a potion of curing {!q, unknown}
 u - a potion of ambrosia {!q, unknown}
 A - a potion of degeneration {!q, unknown}
Comestibles
 d - 8 rations
 x - 4 chunks of flesh


   Skills:
 - Level 2.0 Fighting
 - Level 2.0 Throwing
 - Level 2.6 Dodging
 * Level 9.6 Unarmed Combat


You had 7 spell levels left.
You didn't know any spells.

Dungeon Overview and Level Annotations

Branches:
Dungeon (5/15)
 Temple: D:4-7

Altars:
Gozag
Sif Muna
Vehumet


Innate Abilities, Weirdness & Mutations

You have a pair of small antennae on your head.
You regenerate health from kills.
You are immune to rotting.
Your movements are slightly less encumbered by armour. (ER -2)


Message History

The hound is heavily wounded.
The hound completely misses you.
You hit the hound but do no damage.
The hound is heavily wounded.
The hound bites you but does no damage. The hound barely misses you.
You punch the hound!
You kill the hound!
You hit the iguana.
The iguana is moderately wounded.
The iguana hisses menacingly.
The iguana closely misses you.
You hit the iguana but do no damage.
The iguana is moderately wounded.
The iguana bites you.
You hit the iguana. You punch the iguana.
The iguana is heavily wounded.
The iguana bites you.
You hit the iguana but do no damage.
The iguana is heavily wounded.
The iguana closely misses you.
You punch the iguana!
You kill the iguana!
You hit the adder.
The adder is moderately wounded.
The adder bites you but does no damage. The adder barely misses you.
You punch the adder!
You kill the adder!
No target in view!
You butcher the adder corpse.
x - 4 chunks of flesh (gained 1)
Found a stone staircase leading up.
No target in view!
A - a dark potion {!q} No target in view!
There is a stone staircase leading up here.
A crimson imp comes into view.
Found a plate armour.
The crimson imp hits you but does no damage.
A crimson imp is nearby!
You hit the crimson imp.
The crimson imp is lightly wounded.
The crimson imp hits you.
A crimson imp is nearby!
You punch the crimson imp!
You kill the crimson imp!
No target in view!
No target in view!
No target in view!
You see here a plate armour.
B - a plate armour Wear which item? (? for menu, Esc to quit)
You start removing your armour.
You continue taking off your +0 scale mail. x4
You finish taking off your +0 scale mail.
You start putting on your armour.
You continue putting on your plate armour. x5
You finish putting on your +0 plate armour.
Drop what? 28/52 slots (_ for help) (? for menu, Esc to quit)
You drop a +0 scale mail.
Drop what? 27/52 slots (_ for help) (? for menu, Esc to quit)
You drop a +0 helmet.
Quiver which item? (- for none, * to show all) (? for menu, Esc to quit)
Okay, then.
Are you sure you want to abandon this character and quit the game? (Confirm with "yes".)

...........#
#.#######...#.......
#.#.......#........
###.#.......#.#.....
..................
#.........# ...
#.......#.##.##
#.......#...@.#
#.......####..#
.##.##.###.#####..#
........##....<...#
##..###.#########.#
#............. .#
.....>#..###### ##
.#.##.#..#
....#....#


There were no monsters in sight!

Vanquished Creatures
  Pikel (D:4)
  Menkaure (D:4)
  A phantom (D:4)
  An ogre (D:4)
  Blork the orc (D:4)
  A scorpion (D:4)
  A crimson imp (D:5)
  A jelly (D:3)
  A bullfrog skeleton (D:4)
  2 orc priests (D:4)
  A hound (D:5)
  Crazy Yiuf (D:2)
  Ijyb (D:4)
  An iguana (D:5)
  An orc wizard (D:4)
  4 gnolls (D:2)
  7 adders
  A worm (D:3)
  3 dart slugs
  A leopard gecko (D:4)
  7 orcs
  6 bats
  5 giant cockroaches
  14 goblins
  8 hobgoblins
  6 jackals
  6 kobolds
  A quokka (D:3)
  A ball python (D:1)
  5 frilled lizards
  A jackal skeleton (D:4)
  12 rats
104 creatures vanquished.

Vanquished Creatures (others)
  3 slaves (D:4)
  An orc priest (D:4)
  4 orcs (D:4)
  A giant cockroach (D:4)
9 creatures vanquished.

Grand Total: 113 creatures vanquished

Notes
Turn   | Place    | Note
-------+----------+-------------------------------------------
     0 | D:1      | Amnesiac the Demonspawn Gladiator began the quest for the Orb.
     0 | D:1      | Reached XP level 1. HP: 16/16 MP: 1/1
   170 | D:1      | Reached skill level 3 in Unarmed Combat
   203 | D:1      | Gained mutation: You are immune to rotting. [demonic ancestry]
   203 | D:1      | Reached XP level 2. HP: 19/22 MP: 2/2
   496 | D:1      | Gained mutation: Your movements are slightly less encumbered by armour. (ER -2) [demonic ancestry]
   496 | D:1      | Reached XP level 3. HP: 21/27 MP: 3/3
   959 | D:2      | Reached skill level 4 in Unarmed Combat
  1215 | D:2      | Reached XP level 4. HP: 33/33 MP: 4/4
  1281 | D:2      | You fall through a shaft!
  1503 | D:3      | Reached skill level 5 in Unarmed Combat
  1901 | D:2      | Found a runed door.
  2138 | D:2      | Noticed Crazy Yiuf
  2215 | D:2      | Killed Crazy Yiuf
  2215 | D:2      | Reached XP level 5. HP: 33/38 MP: 5/5
  2884 | D:3      | Found a deep blue altar of Sif Muna.
  3098 | D:4      | Noticed Ijyb
  3154 | D:4      | Killed Ijyb
  3154 | D:4      | Reached skill level 6 in Unarmed Combat
  3218 | D:4      | Noticed a phantom
  3233 | D:4      | Gained mutation: You regenerate a little health from kills. [demonic ancestry]
  3233 | D:4      | Reached XP level 6. HP: 41/44 MP: 6/6
  3279 | D:4      | Found a radiant altar of Vehumet.
  3375 | D:4      | Noticed a slave
  3376 | D:4      | Noticed Pikel
  3376 | D:4      | Noticed a slave
  3376 | D:4      | Noticed a slave
  3376 | D:4      | Noticed a slave
  3395 | D:4      | Killed Pikel
  3395 | D:4      | Reached skill level 8 in Unarmed Combat
  3395 | D:4      | Gained mutation: You have a pair of small antennae on your head. [demonic ancestry]
  3395 | D:4      | Reached XP level 7. HP: 8/50 MP: 7/7
  3476 | D:4      | Found an opulent altar of Gozag.
  3744 | D:4      | Noticed Blork the orc
  3759 | D:4      | Killed Blork the orc
  3759 | D:4      | Reached skill level 9 in Unarmed Combat
  3759 | D:4      | Gained mutation: You regenerate health from kills. [demonic ancestry]
  3759 | D:4      | Reached XP level 8. HP: 41/56 MP: 8/8
  3762 | D:4      | Noticed Menkaure
  3774 | D:4      | Killed Menkaure
  3991 | D:5      | Entered Level 5 of the Dungeon
  4050 | D:5      | Quit the game

Vault maps used:
D:1:      nzn_arrival_depleted_hourglass
D:2:      first_ration, minmay_fountain_box, uniq_crazy_yiuf_cottage
D:3:      lemuel_blue_sif_altar
D:4:      grunt_gozag_breadcrumbs, vehumet_altar_wand_db, uniq_ijyb, uniq_pikel,
          uniq_menkaure, uniq_blork_the_orc
D:5:      lemuel_doored_altar, minmay_temple_entry_junction_2,
          grunt_ministairs_10

Skill      XL: |  1  2  3  4  5  6  7 |
---------------+----------------------+-----
Unarmed Combat | 3 4 5 6 8 9 |  9.6
Throwing       | 2 |  2.0
Fighting       | |  2.0
Dodging        | |  2.6

Action                   |  1- 3 |  4- 6 |  7- 9 || total
-------------------------+-------+-------+-------++-------
Melee: Unarmed           |   151 |   193 |    81 ||   425
       Punch             |     3 |     6 |     2 ||    11
  Eat: Chunk             |     1 |     7 |     2 ||    10
Armor: Leather armour    |     7 |       |       ||     7
       Scale mail        |    38 |    67 |    23 ||   128
Dodge: Dodged            |    83 |    93 |    40 ||   216

Table legend:
 A = Spawn XP
 B = Non-spawn XP
 C = Spawn XP percentage of total XP
 D = Spawn monster count
 E = Non-spawn monster count
 F = Spawn count percentage of total count
 G = Total turns spent on level
                    A         B        C        D         E        F      G
               +---------+---------+-------+---------+---------+-------+---------
         Total |       0 |    1840 |   0.0 |       0 |     104 |   0.0 |  4050
               +---------+---------+-------+---------+---------+-------+---------
           D:1 |       0 |      55 |   0.0 |       0 |      33 |   0.0 |   853
           D:2 |       0 |     125 |   0.0 |       0 |      15 |   0.0 |  1268
           D:3 |       0 |     138 |   0.0 |       0 |      28 |   0.0 |  1011
           D:4 |       0 |    1387 |   0.0 |       0 |      24 |   0.0 |   859
           D:5 |       0 |     135 |   0.0 |       0 |       4 |   0.0 |    59
               +---------+---------+-------+---------+---------+-------+---------
